Map: Acolyte LE

Players

SamuraiFunn

  • Race: Protoss Protoss
  • Spawn Location: 1:00

A.I. 1 (Very Hard) - Winner!

  • Race: Terran Terran
  • Spawn Location: 7:00

VOD

Have the link to the VOD?

Description

Time

  • Played on: Oct. 30, 2017, 11:02 p.m.
  • Length: 11:09
Show
View Real Time Build Order
Export as new Build Order

SamuraiFunn Protoss 

Build Orders:  

Get SALT Encoding   

  12  0:01  Probe (Chrono Boost)  
  13  0:12  Probe (Chrono Boost)  
  14  0:20  Pylon  
  14  0:23  Probe (Chrono Boost)  
  15  0:38  Probe (Chrono Boost)  
  15  0:41  Gateway  
  16  0:48  Probe (Chrono Boost)  
  17  0:51  Assimilator  
  17  0:59  Probe (Chrono Boost)  
  18  1:10  Probe (Chrono Boost)  
  19  1:20  Probe (Chrono Boost)  
  19  1:23  Assimilator  
  20  1:31  Probe (Chrono Boost)  
  20  1:32  Cybernetics Core  
  21  1:41  Probe (Chrono Boost)  
  22  2:00  Probe (Chrono Boost)  
  23  2:12  Nexus  
  23  2:16  Assimilator  
  23  2:22  Pylon  
  23  2:37  Twilight Council  
  23  2:40  Probe (Chrono Boost)  
  23  2:43  Stalker  
  26  2:44  Gateway  
  26  2:50  Pylon  
  26  3:01  Probe (Chrono Boost)  
  27  3:12  Probe (Chrono Boost)  
  28  3:17  Stalker  
  30  3:37  Templar Archives  
  30  3:41  Gateway, Stalker  
  32  3:51  Assimilator  
  32  3:56  Probe x2 (Chrono Boost)  
  32  4:00  Stalker  
  36  4:08  Forge  
  36  4:12  Stalker  
  36  4:17  Warp Gate  
  38  4:30  Sentry  
  40  4:33  Stalker  
  44  4:50  Psionic Storm  
  44  4:58  High Templar  
  46  5:03  High Templar  
  46  5:08  Zealot  
  46  5:12  Probe x2 (Chrono Boost)  
  50  5:20  Gateway  
  50  5:21  Gateway  
  50  5:23  Probe x2 (Chrono Boost)  
  52  5:33  Probe x2 (Chrono Boost)  
  54  5:40  Pylon  
  54  5:47  Nexus  
  54  5:58  Probe x2 (Chrono Boost), Zealot  
  54  5:59  Pylon  
  58  6:05  High Templar  
  58  6:07  High Templar  
  62  6:36  High Templar  
  62  6:39  High Templar  
  66  6:40  Zealot  
  68  6:48  Probe x2 (Chrono Boost)  
  70  6:59  Probe x2 (Chrono Boost)  
  72  7:01  Zealot x2  
  72  7:07  Pylon  
  76  7:10  Pylon  
  76  7:14  High Templar  
  78  7:16  Protoss Ground Weapons Level 1  
  78  7:40  Stalker  
  78  7:41  Stalker  
  78  7:42  Zealot x2  
  86  7:52  Pylon  
  86  7:53  Zealot  
  86  7:54  Pylon  
  86  7:57  Pylon  
  88  8:01  Assimilator  
  88  8:04  Assimilator  
  88  8:06  Probe (Chrono Boost)  
  88  8:07  Probe x2 (Chrono Boost)  
  88  8:09  Zealot x2  
  88  8:11  Zealot  
  97  8:15  Stalker  
  99  8:20  Zealot  
  101  8:36  Zealot x2  
  105  9:00  Zealot x3  
  111  9:03  Zealot  
  111  9:06  Stalker  
  115  9:11  Protoss Shields Level 1  
  115  9:15  Charge  
  115  9:27  Stalker x3  
  115  9:30  Stalker  
  122  9:36  Stalker  
  124  9:44  Probe (Chrono Boost)  
  125  9:55  Pylon  
  125  9:56  Pylon  
  125  9:58  Pylon  
  125  10:00  Pylon  
  125  10:13  Stalker x2  
  125  10:14  Probe x3 (Chrono Boost)  
Show
View Real Time Build Order
Export as new Build Order

A.I. 1 (Very Hard) Terran - Winner!

Build Orders: MMM Bio 

Get SALT Encoding   

  12  0:00  SCV  
  13  0:13  SCV  
  14  0:18  Supply Depot  
  14  0:25  SCV  
  15  0:40  SCV  
  16  0:44  Barracks  
  16  0:52  SCV  
  17  1:04  SCV  
  18  1:16  SCV  
  19  1:19  Supply Depot  
  19  1:23  Refinery  
  19  1:28  SCV  
  19  1:30  Marine  
  21  1:41  SCV  
  22  1:48  Marine  
  22  1:52  Barracks  
  22  1:53  SCV  
  24  1:56  Refinery  
  24  2:05  Supply Depot, Orbital Command  
  24  2:06  Marine  
  25  2:24  Marine  
  26  2:30  SCV  
  27  2:40  Command Center  
  27  2:41  Marine  
  27  2:43  SCV  
  29  3:02  Factory, SCV  
  30  3:05  Marine  
  30  3:08  Marine  
  32  3:14  SCV  
  33  3:23  Marine  
  33  3:26  SCV, Marine  
  36  3:39  SCV  
  37  3:47  Factory Tech Lab  
  37  3:51  SCV  
  37  3:52  SCV, Marine x2  
  41  3:56  Starport  
  41  4:03  SCV  
  41  4:04  SCV  
  41  4:07  Supply Depot  
  41  4:09  Marine  
  43  4:10  Marine  
  43  4:15  SCV  
  43  4:16  SCV  
  47  4:21  Siege Tank  
  50  4:27  SCV  
  50  4:28  SCV  
  52  4:33  Supply Depot  
  52  4:34  Marine  
  52  4:35  Marine  
  52  4:38  Starport Tech Lab  
  54  4:39  SCV  
  54  4:40  SCV  
  56  4:48  Supply Depot  
  56  4:51  SCV  
  57  4:53  SCV  
  57  4:58  Siege Tank  
  61  5:02  Barracks Tech Lab  
  61  5:03  SCV  
  61  5:05  Orbital Command  
  62  5:24  Marauder, Stimpack  
  62  5:26  Barracks Tech Lab, Barracks  
  64  5:32  Command Center  
  64  5:45  Marauder  
  64  5:49  Marauder  
  68  5:56  Supply Depot  
  68  5:57  Medivac  
  70  6:07  Marauder  
  70  6:10  Marine  
  73  6:13  Barracks Reactor  
  72  6:23  Combat Shields  
  72  6:27  Medivac  
  72  6:28  Marauder  
  72  6:29  Supply Depot, Marauder  
  78  6:38  Engineering Bay  
  78  6:45  SCV  
  79  6:49  Marauder  
  79  6:50  Marauder  
  83  7:04  Engineering Bay  
  83  7:06  Terran Infantry Weapons Level 1  
  83  7:07  Orbital Command  
  83  7:11  Marauder, Missile Turret  
  85  7:22  Marauder  
  87  7:24  Missile Turret  
  87  7:25  Concussive Shells  
  87  7:27  Barracks  
  87  7:28  Medivac  
  89  7:30  Terran Infantry Armor Level 1  
  89  7:32  Marine, Marauder  
  92  7:43  Command Center  
  92  7:44  Marauder  
  94  7:49  Marine  
  95  7:52  Marine  
  95  7:53  Marine  
  95  7:58  Medivac, Supply Depot  
  101  8:05  Marauder  
  101  8:11  Marauder  
  103  8:17  Refinery  
  103  8:20  Missile Turret  
  103  8:25  Supply Depot  
  105  8:27  Marauder  
  105  8:28  Viking  
  105  8:33  Marauder  
  109  8:40  Refinery  
  109  8:42  Missile Turret  
  109  8:48  Supply Depot  
  109  8:56  SCV x2, Planetary Fortress  
  109  8:57  SCV  
  109  8:58  Viking  
  114  9:06  Missile Turret  
  114  9:08  SCV x2  
  116  9:10  SCV  
  117  9:19  Missile Turret  
  117  9:20  SCV  
  117  9:22  SCV x2  
  120  9:28  Viking  
  122  9:32  SCV  
  122  9:33  SCV  
  122  9:35  SCV  
  122  9:36  SCV  
  126  9:44  SCV  
  126  9:45  SCV  
  128  9:47  SCV  
  128  9:48  SCV, Supply Depot  
  130  9:56  SCV, Armory  
  130  9:58  SCV, Viking  
  134  10:06  Missile Turret  
  134  10:13  Supply Depot  
  134  10:22  Factory  
  136  10:28  Starport  
  136  10:29  SCV, Marauder  
  136  10:31  Marauder, Command Center, Refinery  
  140  10:40  Marine x3  
  140  10:42  Refinery  
  115  11:04  Starport Reactor  
  115  11:05  Factory Tech Lab  
Tags
 
Composition
MMM Bio
Matchup
PvT
Replay Pack
First 100 games
Spawn Locations
Cross Positions
Add a new tag
Caveats
  • Supply blocks, unpowered buildings, or Contaminate may cause inaccurate times.
  • Supply counts are checked every 10 seconds.